 Dungeon Crawl Stone Soup version 0.19.0 (webtiles) character file.

4893 CanadianGator the Blocker (level 10, 0/63 HPs)
             Began as a Gargoyle Fighter on Nov 10, 2016.
             Was a Believer of Okawaru.
             Slain by an ice devil (7 damage)
             ... summoned by a kobold demonologist
             ... on level 10 of the Dungeon.
             The game lasted 00:38:24 (8090 turns).

CanadianGator the Blocker (Gargoyle Fighter)        Turns: 8090, Time: 00:38:25

Health: 0/63       AC: 20    Str: 20      XL:     10   Next: 51%
Magic:  19/19      EV: 11    Int:  6 (9)  God:    Okawaru [**....]
Gold:   477        SH: 13    Dex: 11 (12) Spells: 0 memorised, 9 levels left

rFire  + + .     SeeInvis .     v - +2 whip (flame)
rCold  . . .     Gourm    .     y - +4 ring mail "Gookh" {+Blink rF+ rN+ MP+9}
rNeg   + + +     Faith    .     c - +1 shield
rPois  ∞         Spirit   .     n - +0 helmet
rElec  +         Reflect  .     (no cloak)
rCorr  .         Harm     .     (no gloves)
MR     .....                    A - +0 pair of boots
Stlth  +.........               (no amulet)
                                D - ring of protection from fire
                                B - ring of positive energy

@: very slightly contaminated, hasted, very quick
A: negative energy resistance 1, electricity resistance, unbreathing,
petrification resistance, rot immunity, AC +7
a: Heroism, Renounce Religion, Evoke Blink


You were on level 10 of the Dungeon.
You worshipped Okawaru.
Okawaru was pleased with you.
You were not hungry.

You visited 2 branches of the dungeon, and saw 10 of its levels.

You collected 477 gold pieces.

Inventory:

Hand Weapons
 a - a +1 flail
 o - a +2 mace of draining
 v - a +2 whip of flaming (weapon)
Missiles
 x - 15 bolts
 z - 26 arrows
Armour
 b - a +0 scale mail
 c - a +1 shield (worn)
 n - a +0 helmet (worn)
 r - a +0 pair of boots
 y - the +4 ring mail "Gookh" (worn) {+Blink rF+ rN+ MP+9}
   (You found it on level 7 of the Dungeon)

   It protects you from fire.
   It protects you from negative energy.
   It affects your magic capacity (+9).
   It lets you blink.
 A - a +0 pair of boots (worn)
Jewellery
 l - an uncursed ring of teleportation
 B - a ring of positive energy (left hand)
 D - a ring of protection from fire (right hand)
 E - an uncursed ring of wizardry {unknown}
 J - a +2 ring of evasion {unknown}
Wands
 h - a wand of acid (13/15)
 i - a wand of random effects (22/48)
 j - a wand of paralysis (2/24)
 k - a wand of slowing (29/48)
 I - a wand of confusion (31/48)
 L - a wand of acid (4/15)
Scrolls
 s - a scroll of recharging
 t - a scroll of enchant armour
 w - 4 scrolls of remove curse
 F - 2 scrolls of teleportation
 G - a scroll of enchant weapon
Potions
 d - a potion of flight
 g - a potion of cancellation
 C - a potion of magic {unknown}
 M - a potion of mutation {unknown}
Books
 f - a book of Clouds

   Spells                             Type                      Level
   a - Mephitic Cloud                 Conjuration/Poison/Air       3
   b - Conjure Flame                  Conjuration/Fire             3
   c - Poisonous Cloud                Conjuration/Poison/Air       6
   d - Freezing Cloud                 Conjuration/Ice/Air          6
   e - Ring of Flames                 Charms/Fire                  7
 m - a book of Changes

   Spells                             Type                      Level
   a - Beastly Appendage              Transmutation                1
   b - Sticks to Snakes               Transmutation                2
   c - Spider Form                    Transmutation/Poison         3
   d - Ice Form                       Ice/Transmutation            4
   e - Blade Hands                    Transmutation                5
 u - a book of Frost

   Spells                             Type                      Level
   a - Freeze                         Ice                          1
   b - Throw Frost                    Conjuration/Ice              2
   c - Ozocubu's Armour               Charms/Ice                   3
   d - Throw Icicle                   Conjuration/Ice              4
   e - Summon Ice Beast               Ice/Summoning                4
Comestibles
 H - a bread ration
 N - 3 fruits


   Skills:
 * Level 7.2 Fighting
 + Level 7.5 Maces & Flails
 * Level 7.8 Armour
 + Level 2.5 Dodging
 - Level 1.0 Stealth
 * Level 10.7 Shields
 + Level 0.1 Evocations


You had 9 spell levels left.
You didn't know any spells.

Dungeon Overview and Level Annotations

Branches:
Dungeon (10/15)            Temple (1/1) D:7
   Lair: D:8-11         Orc: D:9-12

Altars:
Ashenzari
Cheibriados
Dithmenos
Elyvilon
Fedhas
Gozag
Hepliaklqana
Kikubaaqudgha
Makhleb
Nemelex Xobeh
Okawaru
Qazlal
Ru
Sif Muna
Trog
Uskayaw
Vehumet
Xom
Yredelemnul
Zin
The Shining One
Lugonu

Shops:
D:4 *   D:5 [   D:10 [


Innate Abilities, Weirdness & Mutations

You are resistant to torment.
Your stone body is resilient. (AC +7)
You are immune to poison.
You resist negative energy. (rN+)
You are resistant to electric shocks. (rElec)
You can survive without breathing.
You are immune to petrification.
You are immune to rotting.


Message History

The kobold demonologist is moderately wounded.
The crimson imp lashes its tail.
You hit the kobold demonologist but do no damage.
The kobold demonologist is moderately wounded.
The crimson imp disappears in a puff of smoke!
You block the kobold demonologist's attack.
You block the iron imp's attack.
You hit the kobold demonologist. You burn the kobold demonologist.
The kobold demonologist is moderately wounded.
You hit the kobold demonologist. You burn the kobold demonologist.
The kobold demonologist is heavily wounded.
The kobold demonologist gestures wildly while chanting.
You barely miss the kobold demonologist.
The kobold demonologist is heavily wounded.
The iron imp hits you but does no damage.
You whack the kobold demonologist! You burn the kobold demonologist.
The kobold demonologist is severely wounded.
You block the kobold demonologist's attack.
The ice devil hits you!
You die...

..........# #.# #
.#######.### #.# #
.........# #.# ### #
#..####.## #.#
######.##### #.#
#.####.....#.K... #.#
#§##...W....##### #.#
#§##5#K####.# #
##.####.######4##.#.# #.#
# ..(....W§W)KK@5##.#.#
#.# #
##.####5#########.#†# #.#
## ##.#########.#.# #.#
##. #55..K.5.......# #.#
#.. #
#3.###K....#.....##.# #..
#..###.5##....#♣####..♣
#..
#.........P..P≈.P≈.##....
##. ...#.##..#.#.≈#P.P..#
....# ## # #..
#..#....P#P..P# ##... #


You could see an ice devil, 2 kobold demonologists and an iron imp.

Vanquished Creatures
  Pikel (D:4)
  A centaur skeleton (D:10)
  3 trolls
  Sigmund (D:3)
  3 hungry ghosts
  2 water moccasins (D:9)
  An orc warrior (D:9)
  4 ice beasts
  2 black bears
  4 ogres
  A centaur (D:5)
  A wyvern zombie (D:6)
  4 bullfrogs
  3 scorpions
  4 wights (D:6)
  3 electric eels (D:7)
  A crimson imp (D:9)
  A hound (D:10)
  A quasit (D:9)
  2 bullfrog skeletons
  2 orc priests
  2 jellies
  3 orc wizards
  2 iguanas
  Natasha (thrice) (D:3)
  6 worker ants
  Robin (D:3)
  8 adders
  6 gnolls
  A howler monkey skeleton (D:9)
  3 shadow imps
  An ooze (D:1)
  3 worms (D:2)
  A dart slug (D:2)
  6 leopard geckos
  20 orcs
  11 bats
  8 giant cockroaches
  17 goblins
  10 hobgoblins
  11 jackals
  2 kobolds
  5 frilled lizards
  A leopard gecko skeleton (D:9)
  A leopard gecko zombie (D:5)
  9 rats
186 creatures vanquished.

Notes
Turn   | Place    | Note
-------+----------+-------------------------------------------
     0 | D:1      | CanadianGator the Gargoyle Fighter began the quest for the Orb.
     0 | D:1      | Reached XP level 1. HP: 14/14 MP: 1/1
   100 | D:1      | Reached XP level 2. HP: 15/19 MP: 2/2
   289 | D:1      | Reached skill level 4 in Shields
   469 | D:1      | Reached XP level 3. HP: 23/23 MP: 3/3
   990 | D:2      | Reached XP level 4. HP: 16/28 MP: 4/4
  1290 | D:2      | Reached XP level 5. HP: 26/33 MP: 5/5
  1560 | D:3      | Reached skill level 5 in Shields
  1629 | D:3      | Noticed Robin
  1658 | D:3      | Killed Robin
  1760 | D:3      | Noticed Natasha
  1765 | D:3      | Killed Natasha
  1827 | D:3      | Noticed Natasha
  1838 | D:3      | Killed Natasha
  1941 | D:3      | Found a shimmering altar of Xom.
  1943 | D:3      | Noticed Sigmund
  2009 | D:3      | Noticed Natasha
  2020 | D:3      | Killed Natasha
  2020 | D:3      | Reached XP level 6. HP: 38/38 MP: 6/6
  2484 | D:3      | Killed Sigmund
  2484 | D:3      | Reached skill level 1 in Dodging
  2683 | D:4      | Noticed Pikel
  2683 | D:4      | Noticed a slave
  2683 | D:4      | Noticed a slave
  2684 | D:4      | Noticed a slave
  2686 | D:4      | Noticed a slave
  2693 | D:4      | Killed Pikel
  2693 | D:4      | Reached skill level 5 in Fighting
  2693 | D:4      | Reached skill level 5 in Armour
  2693 | D:4      | Reached skill level 6 in Shields
  2693 | D:4      | Reached XP level 7. HP: 32/44 MP: 7/7
  2693 | D:4      | Reached XP level 8. HP: 36/49 MP: 8/8
  2752 | D:4      | Found Ugur's General Store.
  3145 | D:4      | Reached skill level 1 in Stealth
  3319 | D:5      | Entered Level 5 of the Dungeon
  3414 | D:5      | Reached skill level 7 in Shields
  3474 | D:5      | Found Uceag's Antique Armour Boutique.
  3891 | D:6      | Reached skill level 5 in Maces & Flails
  4042 | D:6      | HP: 1/50 [cloud of flame (8)]
  4385 | D:6      | Reached skill level 8 in Shields
  4569 | D:6      | Reached XP level 9. HP: 55/55 MP: 9/9
  5143 | D:7      | Found a staircase to the Ecumenical Temple.
  5149 | Temple   | Entered the Ecumenical Temple
  5509 | Temple   | Became a worshipper of Warmaster Okawaru
  5633 | D:7      | Paralysed by fainting for 7 turns
  5894 | D:7      | Got a bloodstained ring mail
  5908 | D:7      | Identified the +4 ring mail "Gookh" {+Blink rF+ rN+ MP+9} (You found it on level 7 of the Dungeon)
  6359 | D:7      | You fall through a shaft for 2 floors!
  6464 | D:9      | Reached * piety under Okawaru
  6464 | D:9      | Reached skill level 9 in Shields
  6492 | D:9      | Noticed a troll
  6517 | D:9      | Killed a troll
  7056 | D:9      | Reached XP level 10. HP: 50/61 MP: 10/10
  7131 | D:9      | Reached skill level 10 in Shields
  7578 | D:9      | Reached ** piety under Okawaru
  7738 | D:10     | Entered Level 10 of the Dungeon
  7856 | D:10     | Found a corrupted altar of Lugonu.
  7856 | D:10     | Noticed a kobold demonologist
  7856 | D:10     | Noticed a kobold demonologist
  7856 | D:10     | Noticed a kobold demonologist
  7879 | D:10     | Noticed a rust devil
  7889 | D:10     | Noticed a smoke demon
  7901 | D:10     | Noticed a rust devil
  7901 | D:10     | Found Syaxt's Antique Armour Shop.
  7928 | D:10     | Noticed a rust devil
  7929 | D:10     | Noticed a rust devil
  7951 | D:10     | Noticed a sun demon
  8090 | D:10     | Slain by an ice devil

Skill      XL: |  1  2  3  4  5  6  7  8  9 10 |
---------------+-------------------------------+-----
Shields        | 4 5 6 8 9 10 | 10.7
Fighting       | 4 5 6 7 |  7.2
Armour         | 4 5 6 7 |  7.8
Maces & Flails | 3 4 5 6 7 |  7.5
Dodging        | 1 2 |  2.5
Stealth        | 1 |  1.0
Evocations     | |  0.1

Action                   |  1- 3 |  4- 6 |  7- 9 | 10-12 || total
-------------------------+-------+-------+-------+-------++-------
Melee: Flail             |   138 |   113 |       |       ||   251
       Mace              |       |    65 |       |       ||    65
       Whip              |       |       |   582 |   272 ||   854
Invok: Heroism           |       |       |       |     1 ||     1
 Abil: Evoke Blink       |       |       |     1 |     1 ||     2
  Use: Scroll            |     3 |       |    14 |     4 ||    21
       Potion            |       |     2 |     3 |     2 ||     7
  Eat: Royal jelly       |       |     1 |     1 |       ||     2
       Bread ration      |       |     1 |     3 |       ||     4
       Meat ration       |       |       |     1 |     1 ||     2
       Fruit             |       |       |     3 |       ||     3
       Chunk             |       |       |     1 |       ||     1
Armor: Scale mail        |   109 |   117 |   169 |       ||   395
       Ring mail         |       |       |    61 |   101 ||   162
Dodge: Dodged            |    81 |    54 |   130 |    87 ||   352
Block: Shield            |    96 |   114 |   301 |   164 ||   675
